 Dungeon Crawl Stone Soup version 0.26.1-11-gd32895ea62 (webtiles) character file.

Game seed: 14734827462732248089

165 Zeld the Sneak (level 5, -16/25 HPs)
             Began as a Spriggan Brigand on May 24, 2021.
             Blown up by Ijyb (31 damage)
             ... with a disintegration bolt
             ... on level 3 of the Dungeon.
             The game lasted 00:05:46 (6648 turns).

Zeld the Sneak (Spriggan Brigand)                   Turns: 6648, Time: 00:05:46

Health: -16/25     AC:  3    Str:  8    XL:     5   Next: 22%
Magic:  6/6        EV: 17    Int: 13    God:
Gold:   211        SH:  0    Dex: 17    Spells: 4/4 levels left

rFire    . . .     SeeInvis +   a - +2 dagger
rCold    . . .     Faith    .   (shield restricted)
rNeg     . . .     Spirit   .   b - +0 robe
rPois    .         Reflect  .   (helmet restricted)
rElec    .         Harm     .   c - +0 cloak
rCorr    .         Rampage  .   (gloves unavailable)
Will     .....                  (boots unavailable)
Stlth    +++.......             (no amulet)
HPRegen  0.08/turn              (no ring)
MPRegen  0.10/turn              (no ring)

@: very quick
A: very small, unfitting armour, see invisible, speed 3
a: no special abilities


You were on level 3 of the Dungeon.
You visited 1 branch of the dungeon, and saw 3 of its levels.

You collected 211 gold pieces.

Inventory:

Hand Weapons
 a - a +2 dagger (weapon)
Missiles
 d - 29 poisoned darts (quivered)
 e - 2 curare-tipped darts
 k - 3 atropa-tipped darts
Armour
 b - a +0 robe (worn)
 c - a +0 cloak (worn)
Jewellery
 h - an uncursed amulet of magic regeneration {unknown}
Wands
 o - a wand of polymorph (3)
Scrolls
 f - 2 scrolls of noise {unknown}
 g - a scroll of fog {unknown}
 j - 3 scrolls of teleportation {unknown}
 l - a scroll of identify {unknown}
 m - a scroll of remove curse {unknown}
 n - 2 scrolls of magic mapping {unknown}
 s - a scroll of immolation {unknown}
Potions
 i - a potion of flight {unknown}
 p - a potion of heal wounds {unknown}
 r - a potion of resistance
 t - a potion of might {unknown}


   Skills:
 - Level 1.5 Fighting
 * Level 4.5 Short Blades
 * Level 4.1 Throwing
 - Level 1.5 Dodging
 - Level 5.8 Stealth


You had 4 spell levels left.
You didn't know any spells.
Your spell library was empty.

Dungeon Overview and Level Annotations

Branches:
Dungeon (3/15)

Altars:
Dithmenos

Annotations:
D:3 Grinder, Ijyb


Innate Abilities, Weirdness & Mutations

You are very small and have problems with some larger weapons.
You are too small for most types of armour.
You have supernaturally acute eyesight. (SInv)
You cover ground extremely quickly.


Message History

The centaur is heavily wounded.
The centaur completely misses you.
You hit the centaur but do no damage.
The centaur is heavily wounded.
The centaur completely misses you. The adder bites you.
You are poisoned.
The adder poisons you!
You hit the centaur.
The centaur is heavily wounded.
You feel sick. The centaur hits you!
* * * LOW HITPOINT WARNING * * *
The adder misses you. The centaur closely misses you.
You are too injured to fight recklessly!
You are too injured to fight recklessly!
You are too injured to fight recklessly!
Unknown command.
Okay, then.
You feel better.
Ijyb zaps a wand.
You are blasted!
Ouch! That really hurt!
You die...

....... ....... .......
########## .......
#......... .......
#......... ......g##
####......... ......c.#
##.....#.....#
......S@###.............
........##..............
........##..............
..$.....##..............
......(.................
#.....#.................
####.##...#........)....
#.##...#......#.....#
#.##...#.#######.####


You could see Ijyb (resistant), a centaur and an adder.

Vanquished Creatures
  Crazy Yiuf (D:3)
  3 adders (D:3)
  3 gnolls (D:2)
  2 worms
  A dart slug (D:1)
  4 leopard geckos
  5 orcs
  6 bats
  2 giant cockroaches (D:1)
  5 goblins
  6 hobgoblins
  4 jackals (D:3)
  2 quokkas
  A ball python (D:3)
  6 frilled lizards
  12 kobolds
  7 rats
70 creatures vanquished.

Vanquished Creatures (others)
  An orc (D:3)
1 creature vanquished.

Grand Total: 71 creatures vanquished

Notes
Turn   | Place    | Note
-------+----------+-------------------------------------------
     0 | D:1      | Zeld the Spriggan Brigand began the quest for the Orb.
     0 | D:1      | Reached XP level 1. HP: 10/10 MP: 2/2
   446 | D:1      | Reached XP level 2. HP: 14/14 MP: 3/3
  1097 | D:1      | Reached XP level 3. HP: 16/18 MP: 4/4
  2628 | D:2      | Found a faded altar of an unknown god.
  4968 | D:3      | Reached XP level 4. HP: 19/22 MP: 5/5
  5031 | D:3      | Found a runed translucent door.
  5032 | D:3      | Noticed Crazy Yiuf
  5058 | D:3      | Killed Crazy Yiuf
  5255 | D:3      | Noticed Grinder
  5285 | D:3      | Paralysed by Grinder for 3 turns
  5597 | D:3      | Reached XP level 5. HP: 24/25 MP: 6/6
  5623 | D:3      | Noticed Grinder
  5623 | D:3      | Grinder changed into Grinder the ynoxinul
  5979 | D:3      | Found a shadowy altar of Dithmenos.
  6626 | D:3      | Noticed a centaur
  6640 | D:3      | Noticed Ijyb
  6648 | D:3      | Blown up by Ijyb

Illustrated notes

Levels and vault maps discovered:
D:1:      heliophobic_arrival_henge, layout_loops_ring, serial_glass,
          glass_columns_b, glass_columns_b, feat_on_display, feat_on_display,
          feat_on_display, hangedman_feature_mirror
D:2:      layout_basic, chequers_ecumenical_altar_simple_redux
D:3:      layout_rooms, grunt_dithmenos_smoke, uniq_ijyb,
          uniq_crazy_yiuf_cottage, uniq_grinder

Skill      XL: |  1  2  3  4  5 |
---------------+----------------+-----
Short Blades   | 3 4 |  4.5
Throwing       | 3 4 |  4.1
Fighting       | |  1.5
Dodging        | |  1.5
Stealth        | |  5.8

Action                   |  1- 3 |  4- 6 || total
-------------------------+-------+-------++-------
Melee: Dagger            |   194 |   137 ||   331
Throw: Dart              |       |    12 ||    12
Evoke: Wand              |       |     2 ||     2
  Use: Potion            |       |     1 ||     1
 Stab: Sleeping          |    15 |     1 ||    16
Armor: Robe              |    20 |    15 ||    35
Dodge: Dodged            |   101 |    94 ||   195
